 Dungeon Crawl Stone Soup version 0.31-a0-188-g5e087ee2ca (webtiles) character file.

Game seed: 13777456307188409361

25 TrayleKats the Grasshopper (level 3, -1/32 HPs)
             Began as a Naga Warper on June 23, 2023.
             Frozen to death by an endoplasm (5 damage)
             ... on level 1 of the Dungeon.
             The game lasted 00:01:22 (496 turns).

TrayleKats the Grasshopper (Naga Warper)             Turns: 496, Time: 00:01:23

Health: -1/32      AC:  2    Str: 13    XL:     3   Next: 4%
Magic:  6/6        EV:  9    Int: 15    God:
Gold:   27         SH:  0    Dex: 10    Spells: 2/6 levels left

rFire   . . .        a - +0 spear
rCold   . . .        (no shield)
rNeg    . . .        b - +0 leather armour
rPois   +            (no helmet)
rElec   .            (no cloak)
rCorr   .            (no gloves)
SInv    +            (no barding)
Will    .....        (no amulet)
Stlth   +            (no ring)
HPRegen 0.25/turn    (no ring)
MPRegen 0.10/turn

%: no passive effects
@: very slow
A: AC +1, large, see invisible, deformed body, poison resistance, slowness 2,
spit poison 1, naga tail 1
a: Spit Poison


You were on level 1 of the Dungeon.
You visited 1 branch of the dungeon, and saw 1 of its levels.

You collected 27 gold pieces.

Inventory:

Hand Weapons
 a - a +0 spear (weapon)
Missiles
 d - 7 boomerangs of dispersal (quivered)
Armour
 b - a +0 leather armour (worn)
Scrolls
 c - a scroll of blinking
 e - a scroll of enchant weapon {unknown}
 f - a scroll of vulnerability {unknown}
 g - 2 scrolls of amnesia {unknown}
 h - a scroll of teleportation {unknown}
Potions
 i - a potion of heal wounds {unknown}


   Skills:
 + Level 2.2 Fighting
 * Level 2.4 Polearms
 - Level 1.0 Throwing
 - Level 0.9 Armour
 - Level 1.7 Dodging
 + Level 2.2 Spellcasting
 + Level 3.2 Translocations


You had 2 spell levels left.
You knew the following spells:

 Your Spells              Type           Power      Damage    Failure   Level
a - Blink                 Tloc           22%        N/A       11%         2
b - Lesser Beckoning      Tloc           22%        N/A       11%         2

Your spell library contained the following spells:

 Spells                   Type           Power      Damage    Failure   Level
 Teleport Other           Tloc           11%        N/A       22%         3
 Vhi's Electric Charge    Tloc/Air       12%        N/A       41%         3
 Manifold Assault         Tloc           11%        N/A       58%         4


Dungeon Overview and Level Annotations

Branches:
Dungeon (1/15)

Altars:


Innate Abilities, Weirdness & Mutations

Your serpentine skin is tough. (AC +1)
You have supernaturally acute eyesight. (SInv)
Armour fits poorly on your strangely shaped body.
Your system is resistant to poisons. (rPois)
You cover ground very slowly.
You can spit poison.
You have a snake-like lower body.


Message History

You have reached level 3!
Your experience leads to an increase in your attributes!
Increase (S)trength, (I)ntelligence, or (D)exterity?
You feel clever. x2; Your skin feels tougher.
You barely miss the rat. The rat closely misses you.
You closely miss the rat. You hit the rat but do no damage. The rat bites you.
You barely miss the rat. The rat bites you.
You hit the rat.
You kill the rat!
Things that are here:
a rat corpse; a jackal corpse; a jackal corpse You start resting.
An endoplasm is nearby!
An endoplasm is nearby!
An endoplasm is nearby!
An endoplasm is nearby!
The endoplasm quivers.
You are too injured to fight recklessly!
You are too injured to fight recklessly!
You are too injured to fight recklessly!
You are too injured to fight recklessly!
The endoplasm hits you but does no damage.
The endoplasm freezes you.
You are frozen.
You barely miss the endoplasm. The endoplasm freezes you.
You are frozen.
* * * LOW HITPOINT WARNING * * *
You hit the endoplasm but do no damage. You hit the endoplasm.
The endoplasm is moderately wounded.
The endoplasm freezes you.
You are frozen.
* * * LOW HITPOINT WARNING * * *
You hit the endoplasm.
The endoplasm is severely wounded.
The endoplasm freezes you.
You are frozen.
You die...

######....~~..#
#.....)........#
#.####.....###.#
#.# #.....# #.#
#.....# #.#
####### #†#
#.#######
#@....^..
#J....##.
##.##.# .. # .##
.. .# .#


You could see an endoplasm.

Vanquished Creatures
  A dart slug (D:1)
  An endoplasm (D:1)
  A giant cockroach (D:1)
  3 jackals (D:1)
  A quokka (D:1)
  A ball python (D:1)
  4 bats (D:1)
  8 frilled lizards (D:1)
  2 kobolds (D:1)
  4 rats (D:1)
26 creatures vanquished.

Notes
Turn   | Place    | Note
-------+----------+-------------------------------------------
     0 | D:1      | TrayleKats the Naga Warper began the quest for the Orb.
     0 | D:1      | Reached XP level 1. HP: 19/19 MP: 3/3
    71 | D:1      | Reached skill level 1 in Throwing
   143 | D:1      | Reached XP level 2. HP: 23/26 MP: 5/5
   184 | D:1      | Learned a level 2 spell: Blink
   187 | D:1      | Learned a level 2 spell: Lesser Beckoning
   483 | D:1      | Reached XP level 3. HP: 14/32 MP: 6/6
   496 | D:1      | Frozen to death by an endoplasm

Illustrated notes

Levels and vault maps discovered:
D:1:      dreamdust_arrival_beginning_and_end, layout_loops_cross,
          minmay_lizard_pond

Skill      XL: |  1 |
---------------+----+-----
Throwing       | 1 |  1.0
Fighting       | |  2.2
Polearms       | |  2.4
Armour         | |  0.9
Dodging        | |  1.7
Spellcasting   | |  2.2
Translocations | |  3.2

Action                     || total
---------------------------++-------
  Melee: Spear             ||   106
         Punch             ||     1
 Armour: Leather armour    ||    18
  Dodge: Dodged            ||    43

Table legend: (Time is in decaauts)
 A = Elapsed time spent in this place.
 B = Non-inter-level travel time spent in this place.
 C = Inter-level travel time spent in this place.
 D = Time resting spent in this place.
 E = Time spent auto-exploring this place.
 F = Levels seen in this place.
 G = Mean time per level.
                   A        B        C        D        E       F      G
               +--------+--------+--------+--------+--------+-----+--------+
         Total |    594 |    594 |      0 |     33 |    367 |   1 |  594.0 |
       Dungeon |    594 |    594 |      0 |     33 |    367 |   1 |  594.0 |
               +--------+--------+--------+--------+--------+-----+--------+

Top non-repeatable levels by time:
     D:1: 594 daAuts
